 Dungeon Crawl Stone Soup version 0.28.0 (webtiles) character file.

Game seed: 2598737340764229468

8736 crazypyro the Cleaver (level 11, -3/88 HPs)
             Began as a Minotaur Fighter on Feb 6, 2022.
             Was an Initiate of Gozag.
             Slain by a tyrant leech (20 damage)
             ... on level 3 of the Lair of Beasts.
             The game lasted 00:09:17 (7725 turns).

crazypyro the Cleaver (Minotaur Fighter)            Turns: 7725, Time: 00:09:17

Health: -3/88      AC: 16    Str: 26    XL:     11   Next: 13%
Magic:  10/10      EV: 10    Int:  9    God:    Gozag
Gold:   453        SH:  5    Dex:  9    Spells: 10/10 levels left

rFire   + . .      SeeInvis .   a - +1 war axe
rCold   . . .      Faith    .   c - +0 buckler
rNeg    . . .      Spirit   .   G - +1 chain mail of Terror {rPois rF+ Int+4}
rPois   +          Reflect  .   (helmet restricted)
rElec   .          Harm     .   (no cloak)
rCorr   .          Rampage  .   j - +1 pair of gloves
Will    .....                   D - +0 pair of boots
Stlth   ..........              e - amulet of regeneration
HPRegen 1.04/turn               (no ring)
MPRegen 0.12/turn               (no ring)

@: no status effects
A: horns 2, retaliatory headbutt
a: Renounce Religion, Potion Petition, Call Merchant, Bribe Branch


You were on level 3 of the Lair of Beasts.
You worshipped Gozag.
Gozag was aware of your devotion.
You visited 2 branches of the dungeon, and saw 12 of its levels.

You collected 1560 gold pieces.
You spent 433 gold pieces at shops.
You paid 674 gold pieces to Gozag.

Inventory:

Hand Weapons
 a - a +1 war axe (weapon)
Armour
 b - a +0 scale mail
 c - a +0 buckler (worn)
 j - a +1 pair of gloves (worn)
 v - a +2 ring mail of cold resistance
 D - a +0 pair of boots (worn)
 G - the +1 chain mail of Terror (worn) {rPois rF+ Int+4}
   (You bought it in a shop on level 8 of the Dungeon)

   Int:       It affects your intelligence (+4).
   rF:        It protects you from fire.
   rPois:     It protects you from poison.
Jewellery
 e - an amulet of regeneration (around neck)
 f - an amulet of the acrobat
 x - a ring of fire
Wands
 B - a wand of flame (15)
 C - a wand of digging (5)
 E - a wand of paralysis (2)
 F - a wand of acid (13)
Scrolls
 h - 5 scrolls of teleportation
 i - 9 scrolls of identify
 n - 2 scrolls of enchant armour
 p - 2 scrolls of noise
 s - a scroll of magic mapping {unknown}
 y - a scroll of blinking {unknown}
Potions
 d - a potion of might
 g - 3 potions of curing
 k - a potion of degeneration {unknown}
 l - a potion of attraction {unknown}
 m - 2 potions of heal wounds {unknown}
 o - 2 potions of invisibility {unknown}
 q - 2 potions of brilliance {unknown}
 r - 2 potions of resistance {unknown}
 t - 2 potions of haste {unknown}
 u - a potion of lignification {unknown}
 w - a potion of flight {unknown}
 z - 4 potions of ambrosia {unknown}
 A - a potion of cancellation {unknown}


   Skills:
 - Level 5.2 Fighting
 * Level 14.1 Axes
 + Level 9.0 Armour
 + Level 8.6 Dodging
 + Level 8.9 Shields


You had 10 spell levels left.
You didn't know any spells.
Your spell library contained the following spells:

 Spells                   Type           Power      Damage    Failure   Level
 Magic Dart               Conj           0%         1d3       94%         1
 Searing Ray              Conj           0%         2d4       98%         2
 Call Canine Familiar     Summ           0%         N/A       100%        3
 Ignite Poison            Fire/Tmut/Pois 0%         N/A       100%        3
 Inner Flame              Hex/Fire       0%         N/A       100%        3
 Mephitic Cloud           Conj/Pois/Air  0%         N/A       100%        3
 Portal Projectile        Hex/Tloc       0%         N/A       100%        3
 Cause Fear               Hex            0%         N/A       100%        4
 Fulminant Prism          Conj/Hex       0%         3d6       100%        4
 Leda's Liquefaction      Hex/Erth       0%         N/A       100%        4
 Freezing Cloud           Conj/Ice/Air   0%         6-21      100%        5
 Discord                  Hex            0%         N/A       100%        8


Dungeon Overview and Level Annotations

Branches:
Dungeon (9/15)             Temple (0/1) D:7            Lair (3/6) D:8
  Swamp (0/4) Lair:3
  Snake: Lair:2-4    Spider: Lair:2-4       Orc: D:9-12

Altars:
Gozag
Kikubaaqudgha
Makhleb
Nemelex Xobeh
Okawaru
Uskayaw
Jiyva

Shops:
D:6 (   D:8 [

Annotations:
D:2 1 runed translucent door, Crazy Yiuf
D:3 1 transporter, bande's ghost, amateur GrFi
D:9 Erica
Lair:1 3 runed translucent doors, Ecedd's ghost, journeyman GnWn
Lair:3 3 runed translucent doors, blackman's ghost, journeyman FeSu


Innate Abilities, Weirdness & Mutations

You have a pair of horns on your head.
You reflexively headbutt those who attack you in melee.


Message History

You miss the tyrant leech. Your headbutt misses the tyrant leech.
The tyrant leech is heavily wounded.
You miss the tyrant leech. The tyrant leech bites you!
The tyrant leech draws strength from your injuries!
You barely miss the tyrant leech. Your headbutt misses the tyrant leech.
The tyrant leech is heavily wounded.
You miss the tyrant leech. The tyrant leech bites you!
The tyrant leech draws strength from your injuries!
The tyrant leech bites you!
* * * LOW HITPOINT WARNING * * *
The tyrant leech draws strength from your injuries!
You hit the tyrant leech.
The tyrant leech is heavily wounded.
You hit the tyrant leech.
The tyrant leech is distracted by your dazzling golden aura.
You slash the tyrant leech! You headbutt the tyrant leech.
The tyrant leech is severely wounded.
You closely miss the tyrant leech.
The tyrant leech is no longer distracted by gold.
The tyrant leech bites you!
* * * LOW HITPOINT WARNING * * *
The tyrant leech draws strength from your injuries!
The tyrant leech bites you but does no damage.
You barely miss the tyrant leech.
The tyrant leech is heavily wounded.
You hit the tyrant leech. You miss the tyrant leech.
Your headbutt misses the tyrant leech.
The tyrant leech is heavily wounded.
You closely miss the tyrant leech. The tyrant leech bites you.
* * * LOW HITPOINT WARNING * * *
The tyrant leech draws strength from your injuries!
The tyrant leech bites you.
* * * LOW HITPOINT WARNING * * *
The tyrant leech draws strength from your injuries!
Okay, then.
You closely miss the tyrant leech.
The tyrant leech is heavily wounded.
The tyrant leech bites you!!
You die...
Your body crumbles into a pile of gold.

....... #.........
....... ..........
....... ### .........
.......###.# .........
$..........#
###........
...........#
#.#........
...........#
##.........
#....@...###..........
#P...w....#..##.......
###♣♣w♣♣#..###........
♣§§♣♣####......... ##♣
§§≈≈♣ #....).... ##.#
§≈§§§♣ #..###+++#
#..#♣♣≈§§≈♣
###..#DYS...
#...♣♣§♣§♣♣
#....#W..... ######
##....♣♣♣♣♣
#....#.##.##


You could see 2 tyrant leeches.

Vanquished Creatures
  A deep elf zephyrmancer (D:8)
  6 cane toads
  A gargoyle (D:7)
  A rime drake (Lair:1)
  A komodo dragon (Lair:1)
  Sigmund (D:2)
  A wraith (D:9)
  12 yaks
  2 basilisks (Lair:2)
  6 water moccasins
  A swamp worm (Lair:3)
  3 ice beasts
  A sky beast (D:7)
  A black bear (D:5)
  5 ogres
  3 centaurs
  A phantom (D:4)
  2 kobold brigands (D:7)
  5 bullfrogs
  A wyvern zombie (D:8)
  A water moccasin zombie (D:5)
  3 scorpions
  2 water moccasin skeletons
  4 wights (D:8)
  A centaur zombie (D:6)
  A crimson imp (D:7)
  4 hounds
  A jelly (D:7)
  4 iguanas
  2 orc wizards (D:8)
  A hound zombie (D:5)
  3 gnolls (D:6)
  A howler monkey zombie (D:8)
  2 adders
  A shadow imp (D:7)
  3 white imps (D:7)
  2 adder skeletons (D:4)
  4 worms
  11 orcs
  2 bats
  An endoplasm (D:4)
  A giant cockroach (D:2)
  2 hobgoblins (D:4)
  4 jackals (D:4)
  2 quokkas
  4 ball pythons
  2 frilled lizards
  4 goblins
  19 kobolds
  2 rats
149 creatures vanquished.

Vanquished Creatures (others)
  A wight (D:8)
  A fungus (Lair:2)
  A plant (Lair:2)
3 creatures vanquished.

Grand Total: 152 creatures vanquished

Notes
Turn   | Place    | Note
-------+----------+-------------------------------------------
     0 | D:1      | crazypyro the Minotaur Fighter began the quest for the Orb.
     0 | D:1      | Reached XP level 1. HP: 19/19 MP: 0/0
   965 | D:2      | Found a runed translucent door.
   966 | D:2      | Noticed Crazy Yiuf
  1040 | D:2      | Reached XP level 2. HP: 24/27 MP: 1/1
  1235 | D:2      | Noticed Sigmund
  1250 | D:2      | Killed Sigmund
  1251 | D:2      | Reached skill level 3 in Axes
  1251 | D:2      | Reached XP level 3. HP: 7/35 MP: 2/2
  1251 | D:2      | Reached XP level 4. HP: 8/41 MP: 3/3
  1251 | D:2      | Reached XP level 5. HP: 9/47 MP: 4/4
  1691 | D:2      | Reached skill level 4 in Axes
  1771 | D:2      | Found a faded altar of an unknown god.
  1905 | D:3      | Found an opulent altar of Gozag.
  1913 | D:3      | Became a worshipper of Gozag Ym Sagoz the Greedy
  2046 | D:3      | Noticed an ogre
  2052 | D:3      | Killed an ogre
  2053 | D:3      | Reached skill level 5 in Fighting
  2053 | D:3      | Reached skill level 5 in Armour
  2053 | D:3      | Reached skill level 5 in Shields
  2053 | D:3      | Reached XP level 6. HP: 28/56 MP: 5/5
  2144 | D:3      | Noticed bande's ghost (amateur GrFi)
  2145 | D:3      | Found a transporter.
  2467 | D:4      | Reached skill level 5 in Axes
  2479 | D:4      | Noticed a +0 short sword
  2479 | D:4      | Noticed a +0 dagger
  2479 | D:4      | Noticed a +0 spear
  2480 | D:4      | Noticed a +0 short sword
  2481 | D:4      | Noticed a +0 dagger
  2482 | D:4      | Noticed a +0 falchion
  2483 | D:4      | Noticed a +0 falchion
  2483 | D:4      | Noticed a +0 spear
  2488 | D:4      | Found a hide-covered altar of Uskayaw.
  2584 | D:4      | Reached skill level 1 in Dodging
  2937 | D:4      | Found an iron altar of Okawaru.
  2968 | D:4      | Reached skill level 6 in Axes
  2968 | D:4      | Reached XP level 7. HP: 61/61 MP: 6/6
  3010 | D:5      | Entered Level 5 of the Dungeon
  3173 | D:5      | Reached skill level 7 in Axes
  3328 | D:5      | Reached skill level 8 in Axes
  3328 | D:5      | Reached XP level 8. HP: 35/68 MP: 7/7
  3614 | D:5      | Reached skill level 9 in Axes
  3827 | D:6      | Found a sparkling altar of Nemelex Xobeh.
  3910 | D:6      | Reached skill level 5 in Dodging
  3973 | D:6      | Reached skill level 10 in Axes
  4112 | D:6      | Found an ancient bone altar of Kikubaaqudgha.
  4195 | D:6      | Found Okhlimiusk's Antique Weapon Emporium.
  4283 | D:6      | Found a burning altar of Makhleb.
  4618 | D:7      | Reached XP level 9. HP: 67/74 MP: 8/8
  4720 | D:7      | Noticed a gargoyle
  4734 | D:7      | Killed a gargoyle
  4929 | D:7      | Reached skill level 11 in Axes
  5198 | D:7      | Found a staircase to the Ecumenical Temple.
  5499 | D:8      | Paralysed by a wight for 7 turns
  5580 | D:8      | Found a staircase to the Lair.
  6088 | D:8      | Noticed a deep elf zephyrmancer
  6092 | D:8      | Killed a deep elf zephyrmancer
  6093 | D:8      | Reached skill level 12 in Axes
  6147 | D:8      | Bought the +1 chain mail of Terror {rPois rF+ Int+4} for
                  | 433 gold pieces
  6185 | D:9      | Noticed Erica
  6250 | Lair:1   | Entered Level 1 of the Lair of Beasts
  6263 | Lair:1   | Noticed a cane toad
  6275 | Lair:1   | Killed a cane toad
  6276 | Lair:1   | Reached XP level 10. HP: 38/81 MP: 9/9
  6447 | Lair:1   | Noticed a cane toad
  6456 | Lair:1   | Killed a cane toad
  6575 | Lair:1   | Reached skill level 13 in Axes
  6609 | Lair:1   | Found a runed translucent gate.
  6632 | Lair:1   | Noticed Ecedd's ghost (journeyman GnWn)
  6632 | Lair:1   | Noticed a glowing orange brain
  6633 | Lair:1   | Found a runed translucent gate.
  6634 | Lair:1   | Found a runed translucent gate.
  6923 | Lair:1   | Found a viscous altar of Jiyva.
  7040 | Lair:2   | Noticed a cane toad
  7040 | Lair:2   | Noticed a cane toad
  7051 | Lair:2   | Killed a cane toad
  7054 | Lair:2   | Killed a cane toad
  7123 | Lair:2   | Noticed a cane toad
  7130 | Lair:2   | Killed a cane toad
  7290 | Lair:2   | Noticed a cane toad
  7300 | Lair:2   | Killed a cane toad
  7309 | Lair:2   | Reached XP level 11. HP: 67/88 MP: 10/10
  7319 | Lair:2   | Reached skill level 14 in Axes
  7682 | Lair:3   | Noticed a death yak
  7684 | Lair:3   | Found a runed translucent gate.
  7684 | Lair:3   | Noticed a six-headed hydra
  7685 | Lair:3   | Found a runed translucent gate.
  7686 | Lair:3   | Noticed blackman's ghost (journeyman FeSu)
  7692 | Lair:3   | Found a runed translucent gate.
  7705 | Lair:3   | Found a staircase to the Swamp.
  7725 | Lair:3   | Slain by a tyrant leech

Illustrated notes

Levels and vault maps discovered:
D:1:      wander_arrival_fairy_ring, layout_loops_corners,
          chequers_serial_rivers_large_a
D:2:      layout_basic, shapermc_ecumenical_altar_acropolis,
          uniq_crazy_yiuf_cottage, uniq_sigmund
D:3:      layout_rooms, grunt_gozag_breadcrumbs, gammafunk_ghost_smash,
          palyth_stone_intersect
D:4:      layout_basic, okawaru_gym_becter, nicolae_uskayaw_en_pointe,
          hangedman_decor_opposing
D:5:      layout_basic
D:6:      layout_rooms, nemelex_spade_bored_becter, kiku_gazebo_pond_becter,
          kennysheep_little_box, serial_shops, kennysheep_mini_moat
D:7:      layout_loops_corners, minmay_temple_entry_hall, minmay_fire_ice_demons
D:8:      layout_loops_ring, lair_entry_dummy, guppyfry_early_elven_hall
D:9:      layout_loops_ring, old_standard_altar,
          mainiacjoe_overflow_concentric_impassable, uniq_erica, uniq_gastronok,
          uniq_joseph
Lair:1:   layout_misc_corridors, gammafunk_ghost_ooze, grunt_megastairs_1
Lair:2:   layout_misc_corridors
Lair:3:   layout_cave_shapes, minmay_swamp_entry_worms,
          guppyfry_snake_entry_island, gammafunk_ghost_split, serial_rivers,
          chequers_serial_rivers_small_a, chequers_serial_rivers_room_a,
          chequers_serial_rivers_micro_d, chequers_serial_rivers_micro_c,
          serial_bayou_shore_b, uniq_sonja

Skill      XL: |  1  2  3  4  5  6  7  8  9 10 11 |
---------------+----------------------------------+-----
Shields        | 4 5 7 8 |  8.9
Fighting       | 4 5 |  5.2
Axes           | 3 4 6 8 10 12 13 14 | 14.1
Armour         | 4 5 7 8 9 |  9.0
Dodging        | 2 3 5 7 8 |  8.6

Action                   |  1- 3 |  4- 6 |  7- 9 | 10-12 || total
-------------------------+-------+-------+-------+-------++-------
Melee: War axe           |    30 |    92 |   286 |   160 ||   568
       Headbutt          |     6 |    15 |    55 |    35 ||   111
Invok: Call Merchant     |       |       |     1 |       ||     1
  Use: Scroll            |       |       |       |     9 ||     9
Armor: Scale mail        |     8 |    27 |       |       ||    35
       Ring mail         |       |    10 |   108 |       ||   118
       Chain mail        |       |       |     8 |    50 ||    58
Dodge: Dodged            |     8 |    50 |   155 |    42 ||   255
Block: Buckler           |     7 |    12 |    57 |    33 ||   109
